 Dungeon Crawl Stone Soup version 0.28-a0-863-g8cecda6153 (webtiles) character file.

Game seed: 14330435093622898984

1873 siradein the Skirmisher (level 8, -7/65 HPs)
             Began as a Demonspawn Fighter on Nov 17, 2021.
             Was an Initiate of Nemelex Xobeh.
             Succumbed to an orc warrior's poison
             ... on level 6 of the Dungeon.
             The game lasted 00:12:35 (6965 turns).

siradein the Skirmisher (Demonspawn Fighter)        Turns: 6965, Time: 00:12:36

Health: -7/65      AC: 10    Str: 18    XL:     8   Next: 91%
Magic:  8/8        EV:  9    Int: 10    God:    Nemelex Xobeh [......]
Gold:   358        SH:  5    Dex: 13    Spells: 7/7 levels left

rFire   . . .      SeeInvis .   t - +0 flail (protect)
rCold   + . .      Faith    +   c - +0 buckler
rNeg    . . .      Spirit   .   b - +0 scale mail
rPois   .          Reflect  .   (no helmet)
rElec   .          Harm     .   (cloak unavailable)
rCorr   .          Rampage  .   o - +0 pair of gloves
Will    .....                   (no boots)
Stlth   ..........              u - amulet of faith
HPRegen 0.20/turn               i - ring of protection from cold
MPRegen 0.11/turn               (no ring)

@: lethally poisoned (-7 -> -61)
A: slimy green scales 1, spiny 1, weakness stinger 3
a: Renounce Religion, Draw Escape, Draw Destruction, Draw Summoning


You were on level 6 of the Dungeon.
You worshipped Nemelex Xobeh.
Nemelex Xobeh was noncommittal.
You visited 2 branches of the dungeon, and saw 7 of its levels.

You collected 358 gold pieces.

Inventory:

Hand Weapons
 t - a +0 flail of protection (weapon)
Missiles
 e - 2 throwing nets (quivered)
Armour
 b - a +0 scale mail (worn)
 c - a +0 buckler (worn)
 o - a +0 pair of gloves (worn)
Jewellery
 i - a ring of protection from cold (left hand)
 u - an amulet of faith (around neck)
Wands
 x - a wand of digging (3)
Scrolls
 a - a scroll of vulnerability {unknown}
 f - 4 scrolls of teleportation
 h - 2 scrolls of enchant weapon {unknown}
 l - 2 scrolls of amnesia
 m - 3 scrolls of blinking
 w - a scroll of enchant armour {unknown}
 y - a scroll of noise {unknown}
 A - a scroll of fog {unknown}
Potions
 d - a potion of might
 g - 3 potions of brilliance
 j - a potion of lignification {unknown}
 k - a potion of mutation {unknown}
 n - 5 potions of haste
 p - a potion of heal wounds {unknown}
 q - a potion of cancellation {unknown}
 r - 2 potions of degeneration {unknown}
 s - 2 potions of curing {unknown}
 v - a potion of magic {unknown}
 z - a potion of berserk rage {unknown}


   Skills:
 + Level 6.5 Fighting
 + Level 5.5 Maces & Flails
 + Level 5.9 Armour
 + Level 5.9 Shields
 + Level 0.0 Invocations


You had 7 spell levels left.
You didn't know any spells.
Your spell library contained the following spells:

 Spells                   Type           Power      Damage    Failure   Level
 Slow                     Hex            0%         N/A       73%         1
 Ensorcelled Hibernation  Hex/Ice        0%         N/A       86%         2
 Confusing Touch          Hex            0%         N/A       97%         3
 Summon Guardian Golem    Hex/Summ       0%         N/A       97%         3
 Tukima's Dance           Hex            0%         N/A       97%         3
 Yara's Violent Unravell  Hex/Tmut       0%         3d3       100%        5
 Orb of Destruction       Conj           0%         N/A       100%        7
 Spellforged Servitor     Conj/Summ      0%         N/A       100%        7


Dungeon Overview and Level Annotations

Branches:
Dungeon (6/15)             Temple (1/1) D:4

Altars:
Ashenzari
Cheibriados
Dithmenos
Elyvilon
Fedhas
Gozag
Hepliaklqana
Kikubaaqudgha
Makhleb
Nemelex Xobeh
Okawaru
Qazlal
Ru
Sif Muna
Trog
Uskayaw
Vehumet
Wu Jian
Xom
Yredelemnul
Zin
The Shining One

Annotations:
D:6 3 runed translucent doors, ytrimaz's ghost, novice FoFi


Innate Abilities, Weirdness & Mutations

You are partially covered in slimy green scales. (AC +2)
You are partially covered in sharp spines.
You have a sharp stinger which inflicts weakening toxins.


Message History

The centaur skeleton is struck by your spines.
The centaur skeleton hits you but does no damage.
You block the centaur skeleton's attack.
You hit the centaur skeleton.
Your weapon exudes an aura of protection.
The centaur skeleton is moderately damaged.
The centaur skeleton is struck by your spines.
The centaur skeleton barely misses you.
The centaur skeleton kicks you but does no damage.
You hit the centaur skeleton.
The centaur skeleton is severely damaged.
The centaur skeleton hits you but does no damage.
The centaur skeleton barely misses you.
The centaur skeleton is struck by your spines.
The centaur skeleton hits you but does no damage.
The centaur skeleton kicks you but does no damage.
You thump the centaur skeleton!
You destroy the centaur skeleton!
No target in view!
No target in view!
The orc warrior shouts!
You hear two shouts!
An orc warrior is nearby!
An orc warrior is nearby!
An orc warrior is nearby!
An orc warrior is nearby!
The orc warrior hits you with a +4 glaive of venom!!
You are poisoned.
You closely miss the orc warrior.
Your tail-slap misses the orc warrior.
You feel very sick. You block the orc warrior's attack.
The orc warrior hits you with a +4 glaive of venom!
You are lethally poisoned!
You are too injured to fight recklessly!
* * * LOW HITPOINT WARNING * * *
You feel extremely sick.
The orc warrior hits you from afar with a +4 glaive of venom!
* * * LOW HITPOINT WARNING * * *
You are more poisoned.
You die...
Your body disappears without a glow.

##...... ##....... #........
######........ #....#......>.
####### #..>..........
......##### ##.............
..........#########......#.."..<.
.............o..@.......#........
..........#########.......######.
..............############# ##
................o.........#######
######....##.......#.#..#.'.....#
# #.##..##...(..#......#.#.#.# #
#.###....####.#......# .. # #.#
###..###..#.#..#.# .# # ######.#
#........#......# ..#


You could see an orc warrior.

Vanquished Creatures
  A troll (D:5)
  Grinder (D:6)
  A shadow (D:6)
  Edmund (D:4)
  2 water moccasins
  2 ogres (D:5)
  Blork the orc (D:5)
  A scorpion (D:6)
  A wyvern zombie (D:6)
  A water moccasin zombie (D:5)
  A wyvern skeleton (D:6)
  A bullfrog zombie (D:5)
  2 hounds
  Crazy Yiuf (D:5)
  A centaur skeleton (D:6)
  4 iguanas (D:5)
  Terence (D:2)
  An orc wizard (D:6)
  2 howler monkey zombies
  7 adders
  10 gnolls
  3 worms
  3 dart slugs
  2 orcs (D:6)
  4 ball pythons
  2 endoplasms (D:1)
  A giant cockroach (D:1)
  7 goblins
  4 hobgoblins
  3 jackals (D:1)
  6 kobolds
  6 quokkas
  4 bats
  6 frilled lizards
  4 rats
98 creatures vanquished.

Vanquished Creatures (others)
  2 plants (D:1)
2 creatures vanquished.

Grand Total: 100 creatures vanquished

Notes
Turn   | Place    | Note
-------+----------+-------------------------------------------
     0 | D:1      | siradein the Demonspawn Fighter began the quest for the
                  | Orb.
     0 | D:1      | Reached XP level 1. HP: 18/18 MP: 1/1
   441 | D:1      | Gained mutation: You have a small tail. [demonic ancestry]
   441 | D:1      | Reached XP level 2. HP: 22/24 MP: 2/2
  1164 | D:1      | Gained mutation: You are partially covered in sharp spines.
                  | [demonic ancestry]
  1164 | D:1      | Reached XP level 3. HP: 23/29 MP: 3/3
  1811 | D:2      | Reached XP level 4. HP: 35/35 MP: 4/4
  2211 | D:2      | Noticed Terence
  2234 | D:2      | Killed Terence
  2752 | D:3      | Gained mutation: You are partially covered in slimy green
                  | scales. (AC +2) [demonic ancestry]
  2752 | D:3      | Reached XP level 5. HP: 35/42 MP: 5/5
  2804 | D:3      | Found a faded altar of an unknown god.
  3057 | D:4      | Noticed a water moccasin
  3072 | D:4      | Killed a water moccasin
  3073 | D:4      | Reached skill level 4 in Fighting
  3073 | D:4      | Reached XP level 6. HP: 39/48 MP: 6/6
  3264 | D:4      | Noticed Edmund
  3286 | D:4      | Killed Edmund
  3877 | D:4      | Found a staircase to the Ecumenical Temple.
  4247 | D:5      | Entered Level 5 of the Dungeon
  4293 | D:5      | Noticed Blork the orc
  4308 | D:5      | Killed Blork the orc
  4309 | D:5      | Gained mutation: You have a tail ending in a sharp stinger.
                  | [demonic ancestry]
  4309 | D:5      | Reached XP level 7. HP: 55/55 MP: 7/7
  4319 | D:5      | Found a runed translucent door.
  4320 | D:5      | Noticed Crazy Yiuf
  4501 | D:5      | Reached skill level 5 in Fighting
  4523 | D:5      | Noticed a troll
  4645 | D:5      | Killed a troll
  4865 | D:5      | Reached skill level 5 in Armour
  4865 | D:5      | Reached skill level 5 in Shields
  4865 | D:5      | Gained mutation: You have a sharp stinger which inflicts
                  | weakening toxins. [demonic ancestry]
  4865 | D:5      | Reached XP level 8. HP: 49/63 MP: 8/8
  5414 | D:5      | Killed Crazy Yiuf
  5513 | D:6      | Noticed Grinder
  5664 | Temple   | Entered the Ecumenical Temple
  6056 | Temple   | Became a worshipper of Nemelex Xobeh the Trickster
  6168 | D:6      | Paralysed by Grinder for 2 turns
  6172 | D:6      | Killed Grinder
  6173 | D:6      | Reached skill level 5 in Maces & Flails
  6288 | D:6      | Reached skill level 6 in Fighting
  6447 | D:6      | Found a runed translucent gate.
  6447 | D:6      | Found a runed translucent gate.
  6448 | D:6      | Found a runed translucent gate.
  6450 | D:6      | Noticed ytrimaz's ghost (novice FoFi)
  6525 | D:6      | Found a stormy altar of Qazlal.
  6617 | D:6      | Noticed a two-headed ogre
  6965 | D:6      | Succumbed to an orc warrior's poison

Illustrated notes

Levels and vault maps discovered:
D:1:      dpeg_arrival_pits, layout_basic, minmay_misc_feat_tiny,
          serial_bayou_pond_b, minmay_strange_pillars
D:2:      layout_basic, uniq_terence
D:3:      layout_basic, shapermc_ecumenical_altar_venn
D:4:      layout_cave_pods, temple_doors_e, uniq_edmund
D:5:      layout_cave_pods, serial_column_ruins, column_ruins_hut,
          column_ruins_columns_straight, column_ruins_open_tiny,
          column_ruins_open_tiny, column_ruins_grid_3, minmay_statues_item,
          uniq_crazy_yiuf_cottage, uniq_blork_the_orc
D:6:      minmay_clustersquares, layout_rooms, lemuel_round_altar,
          gammafunk_ghost_necromancy, uniq_grinder
Temple:   roderic_octagonal_lattice_temple

Skill      XL: |  1  2  3  4  5  6  7  8 |
---------------+-------------------------+-----
Maces & Flails | 2 3 4 5 |  5.5
Armour         | 3 4 5 |  5.9
Shields        | 3 4 5 |  5.9
Fighting       | 4 5 6 |  6.5

Action                   |  1- 3 |  4- 6 |  7- 9 || total
-------------------------+-------+-------+-------++-------
Melee: Flail             |   104 |   123 |   118 ||   345
       Tailslap          |     3 |    19 |    24 ||    46
Throw: Throwing net      |       |       |     1 ||     1
  Use: Scroll            |       |     3 |     2 ||     5
 Stab: Held in net/web   |       |       |     1 ||     1
Armor: Scale mail        |    69 |    47 |    67 ||   183
Dodge: Dodged            |    66 |    39 |    36 ||   141
Block: Buckler           |    38 |    28 |    28 ||    94

Table legend: (Time is in decaauts)
 A = Elapsed time spent in this place.
 B = Non-inter-level travel time spent in this place.
 C = Inter-level travel time spent in this place.
 D = Time resting spent in this place.
 E = Time spent auto-exploring this place.
 F = Levels seen in this place.
 G = Mean time per level.
                   A        B        C        D        E       F      G
               +--------+--------+--------+--------+--------+-----+--------+
         Total |   7052 |   6637 |    415 |      9 |   5567 |   7 | 1007.4 |
       Dungeon |   6638 |   6286 |    352 |      9 |   5238 |   6 | 1106.3 |
        Temple |    413 |    351 |     62 |      0 |    329 |   1 |  413.0 |
               +--------+--------+--------+--------+--------+-----+--------+

Top non-repeatable levels by time:
     D:1: 1648 daAuts
     D:5: 1372 daAuts
     D:4: 1321 daAuts
     D:6: 842 daAuts
     D:2: 839 daAuts
     D:3: 613 daAuts
  Temple: 413 daAuts
